 Dungeon Crawl Stone Soup version 0.24.0-13-gcf9b319 (webtiles) character file.

Game seed: 12402715583726941301, levelgen mode: deterministic

56 Fang the Shield-Bearer (level 3, 0/24 HPs)
             Began as a Gargoyle Fighter on Jan 3, 2020.
             Slain by Sigmund
             ... wielding a +2 scythe of venom
              (4 damage)
             ... on level 2 of the Dungeon.
             The game lasted 00:01:07 (708 turns).

Fang the Shield-Bearer (Gargoyle Fighter)            Turns: 708, Time: 00:01:07

Health: 0/24       AC: 10    Str: 20    XL:     3   Next: 95%
Magic:  3/3        EV:  7    Int:  8    God:
Gold:   19         SH:  9    Dex:  9    Spells: 2/2 levels left

rFire    . . .     SeeInvis .   a - +0 war axe
rCold    . . .     Gourm    .   c - +0 shield
rNeg     + . .     Faith    .   b - +0 scale mail
rPois    ∞         Spirit   .   (no helmet)
rElec    +         Reflect  .   (no cloak)
rCorr    .         Harm     .   (no gloves)
MR       .....                  (no boots)
Stlth    ..........             (no amulet)
HPRegen  0.08/turn              (no ring)
MPRegen  0.08/turn              (no ring)

@: no status effects
A: negative energy resistance 1, electricity resistance, unbreathing,
petrification resistance, rot immunity, AC +3
a: no special abilities


You were on level 2 of the Dungeon.
You were not hungry.

You visited 1 branch of the dungeon, and saw 2 of its levels.

You collected 19 gold pieces.

Inventory:

Hand Weapons
 a - a +0 war axe (weapon)
Armour
 b - a +0 scale mail (worn)
 c - a +0 shield (worn)
Scrolls
 e - a scroll of immolation {unknown}
 h - a scroll of teleportation {unknown}
 j - a scroll of remove curse {unknown}
 k - a scroll of enchant weapon {unknown}
Potions
 d - 2 potions of might
 i - a potion of ambrosia {unknown}
Comestibles
 f - 2 rations
 g - 2 chunks of flesh


   Skills:
 + Level 3.8 Fighting
 + Level 2.3 Axes
 + Level 3.8 Armour
 + Level 3.8 Shields


You had 2 spell levels left.
You didn't know any spells.
Your spell library was empty.

Dungeon Overview and Level Annotations

Branches:
Dungeon (2/15)

Altars:

Annotations:
D:2 Sigmund


Innate Abilities, Weirdness & Mutations

You are resistant to torment.
Your stone body is resilient. (AC +3)
You are immune to poison.
You resist negative energy. (rN+)
You are resistant to electric shocks. (rElec)
You can survive without breathing.
You are immune to petrification.
You are immune to rotting.


Message History

Sigmund shouts!
Sigmund mumbles some strange words.
Sigmund flickers and vanishes!
Deactivating autopickup; reactivate with Ctrl-A.
You block the dart slug's attack.
You slash the dart slug!
You kill the dart slug!
You barely miss the kobold. The kobold hits you but does no damage.
You see here a dart slug corpse.
You barely miss the kobold. You block the kobold's attack. x2
You hit the kobold.
The kobold is moderately wounded.
The kobold barely misses you.
You closely miss the kobold. You block the kobold's attack.
Something hits you but does no damage. The kobold barely misses you.
You closely miss the kobold. Something hits you.
* * * LOW HITPOINT WARNING * * *
The kobold hits you but does no damage.
You miss the kobold. You block the kobold's attack. Something hits you.
You die...

........................##
.......................[...
...........................
..........#................
..........#####...........
.........#..............#
........................#
........................##
.<..............@K.......#
................######...#
............#.... ..#
....##....$.#.... ## #####
.... #... . .... .....
#.....


You could see a kobold.

Vanquished Creatures
  Natasha (D:2)
  A worm (D:2)
  A dart slug (D:2)
  A leopard gecko (D:1)
  A ball python (D:1)
  2 bats (D:1)
  3 goblins
  A hobgoblin (D:1)
  A quokka (D:2)
  8 frilled lizards (D:1)
  2 kobolds (D:1)
  7 rats
29 creatures vanquished.

Notes
Turn   | Place    | Note
-------+----------+-------------------------------------------
     0 | D:1      | Fang the Gargoyle Fighter began the quest for the Orb.
     0 | D:1      | Reached XP level 1. HP: 14/14 MP: 1/1
    96 | D:1      | Reached XP level 2. HP: 13/19 MP: 2/2
   660 | D:2      | Reached XP level 3. HP: 23/23 MP: 3/3
   675 | D:2      | Noticed Natasha
   688 | D:2      | Killed Natasha
   700 | D:2      | Noticed Sigmund
   708 | D:2      | Slain by Sigmund

Levels and vault maps discovered:
D:1:      minmay_arrival_arboretum_small, layout_basic,
          minmay_misc_feat_four_crosses
D:2:      layout_basic, st_stairs_13, uniq_terence, uniq_sigmund, uniq_natasha

Skill      XL: |  1 |
---------------+----+-----
Axes           | 2 |  2.3
Fighting       | |  3.8
Armour         | |  3.8
Shields        | |  3.8

Action                   || total
-------------------------++-------
Melee: War axe           ||   109
Armor: Scale mail        ||    69
Dodge: Dodged            ||    39
Block: Shield            ||    62
